 Dungeon Crawl Stone Soup version 0.19-a0-1166-g02d67b9 (console) character file.

151 brucemayne the Cudgeler (level 5, -5/54 HPs)
             Began as an Ogre Berserker on Aug 14, 2016.
             Was a Believer of Trog.
             Slain by an orc wizard
             ... wielding a +0 dagger
              (6 damage)
             ... on level 3 of the Dungeon.
             The game lasted 00:03:34 (668 turns).

brucemayne the Cudgeler (Ogre Berserker)             Turns: 668, Time: 00:03:36

Health: -5/54      AC:  4    Str: 22    XL:     5   Next: 33%
Magic:  5/5        EV: 10    Int:  6    God:    Trog [**....]
Gold:   148        SH:  0    Dex: 10    Spells: 0 memorised, 4 levels left

rFire  . . .     SeeInvis .     a - +0 mace
rCold  . . .     Gourm    .     b - +0 animal skin
rNeg   . . .     Faith    .     (no shield)
rPois  .         Spirit   .     (helmet restricted)
rElec  .         Dismiss  .     g - +0 cloak
rCorr  .         Reflect  .     (gloves unavailable)
MR     ++...     Harm     .     (boots unavailable)
Stlth  +.........               (no amulet)
                                (no ring)
                                (no ring)

@: exhausted, starving, regenerating, slowed, very slow
A: unfitting armour, tough skin 1
a: Berserk, Trog's Hand, Burn Spellbooks, Renounce Religion


You were on level 3 of the Dungeon.
You worshipped Trog.
Trog was pleased with you.
You were starving.

You visited 1 branch of the dungeon, and saw 3 of its levels.

You collected 148 gold pieces.

Inventory:

Hand Weapons
 a - a +0 mace (weapon)
 k - a +1 dagger of venom
 n - a +0 hand axe of flaming
Armour
 b - a +0 animal skin (worn)
 g - a +0 cloak (worn)
Scrolls
 e - a scroll of teleportation {unknown}
 f - a scroll of remove curse {unknown}
 m - 2 scrolls of immolation
Potions
 d - a potion of heal wounds
 h - a potion of curing {unknown}
 i - a potion of degeneration {unknown}
 j - a potion of might {unknown}
Comestibles
 c - 2 bread rations
 l - 5 chunks of flesh


   Skills:
 - Level 4.0 Fighting
 + Level 7.7 Maces & Flails
 - Level 2.6 Dodging


You had 4 spell levels left.
You didn't know any spells.

Dungeon Overview and Level Annotations

Branches:
Dungeon (3/15)

Altars:


Innate Abilities, Weirdness & Mutations

You are too large for most types of armour.
You have tough skin. (AC +1)


Message History

The orc hits you with a falchion.
Keep eating?
You stop eating.
* * * LOW HITPOINT WARNING * * *
You hear some strange, mumbled words.
A magic dart appears from out of thin air!
The magic dart hits you!
* * * LOW HITPOINT WARNING * * *
Unknown command.
Okay, then.
You aren't carrying any items that you can evoke.
Unknown command.
As you read the scroll labeled NIKHLI TUPRYASOEPH, it crumbles to dust.
The creatures around you are filled with an inner flame!
It was a scroll of immolation.
The orc hits you with a falchion.
* * * LOW HITPOINT WARNING * * *
Something hits you but does no damage. The orc hits you with a falchion.
* * * LOW HITPOINT WARNING * * *
Something hits you.
You die...

#####.##.#####.#.#############.
..............................
.####.#.##.....#.#.####......#...
........................####.#.#.
...........###.#.#.###..#......#.
.........#.###.#.............#.#.
.................<......#..#.#.#.
......#o.......###..###.#....#.#.
.........o.§g#.{@o.........###.#.
..........)#.#..##..#...#..#.....
.........#.#.#..##..#...#. #.#.#.
.##.#.#.##{...#.##.## #.#. #.#.#.
......#.##.#......... ... . #.#)
.##.#.#.##.#..#...... ... #.#)
#.#...##.#.......## .# #.#. . ..
............ .. #.#. .##.#.#####.
#.#.


You could see an orc (inner flame).

Vanquished Creatures
  3 orc wizards (D:3)
  2 adders
  An ooze (D:2)
  3 worms (D:2)
  6 orcs (D:3)
  3 bats
  2 giant cockroaches
  3 hobgoblins (D:2)
  3 kobolds
  2 giant newts
  4 goblins
  A rat (D:2)
33 creatures vanquished.

Notes
Turn   | Place    | Note
-------+----------+-------------------------------------------
     0 | D:1      | brucemayne the Ogre Berserker began the quest for the Orb.
     0 | D:1      | Reached XP level 1. HP: 24/24 MP: 1/1
    33 | D:2      | Reached XP level 2. HP: 32/32 MP: 2/2
    35 | D:2      | Reached skill level 5 in Maces & Flails
   117 | D:2      | Reached XP level 3. HP: 12/39 MP: 3/3
   508 | D:3      | Reached skill level 6 in Maces & Flails
   519 | D:3      | Reached XP level 4. HP: 48/48 MP: 4/4
   646 | D:3      | Reached ** piety under Trog
   656 | D:3      | Reached skill level 7 in Maces & Flails
   656 | D:3      | Reached XP level 5. HP: 33/54 MP: 5/5
   668 | D:3      | HP: 1/54 [orc/falchion (5)]
   668 | D:3      | Slain by an orc wizard

Vault maps used:
D:1:      lemuel_arrival_broad_hall, minmay_tripent
D:2:      minmay_pentomino_v4

Skill      XL: |  1  2  3  4 |
---------------+-------------+-----
Maces & Flails | 5 6 7 |  7.7
Fighting       | |  4.0
Dodging        | |  2.6

Action                   |  1- 3 |  4- 6 || total
-------------------------+-------+-------++-------
Melee: Mace              |    88 |    38 ||   126
Invok: Berserk           |     3 |     1 ||     4
       Trog's Hand       |       |     2 ||     2
  Use: Scroll            |       |     1 ||     1
       Potion            |       |     1 ||     1
 Stab: Sleeping          |     3 |       ||     3
  Eat: Chunk             |       |     2 ||     2
Armor: Animal skin       |    38 |    13 ||    51
Dodge: Dodged            |    59 |    29 ||    88
